 Dungeon Crawl Stone Soup version 0.24.0-123-gd5b16e6ec5 (webtiles) character file.

Game seed: 3889034505769776055, levelgen mode: deterministic

187 1994 the Firebug (level 5, -1/39 HPs)
             Began as a Draconian Fire Elementalist on Dec 29, 2019.
             Slain by an orc
             ... wielding a +0 mace
              (4 damage)
             ... on level 3 of the Dungeon.
             The game lasted 00:09:57 (3393 turns).

1994 the Firebug (Draconian Fire Elementalist)      Turns: 3393, Time: 00:09:58

Health: -1/39      AC:  6    Str: 11    XL:     5   Next: 39%
Magic:  8/9        EV: 12    Int: 16    God:
Gold:   194        SH:  0    Dex: 11    Spells: 3/9 levels left

rFire    + . .     SeeInvis .   b - +0 whip (vamp)
rCold    + . .     Gourm    .   (no shield)
rNeg     . . .     Faith    .   (armour unavailable)
rPois    +         Spirit   .   (helmet restricted)
rElec    +         Reflect  .   (no cloak)
rCorr    +         Harm     .   m - +0 pair of gloves (curse)
MR       .....                  (no boots)
Stlth    +++.......             (no amulet)
HPRegen  0.13/turn              x - ring of stealth
MPRegen  0.11/turn              (no ring)

@: resistant
A: unfitting armour, cold-blooded, AC +5
a: no special abilities


You were on level 3 of the Dungeon.
You were not hungry.

You visited 1 branch of the dungeon, and saw 4 of its levels.

You collected 194 gold pieces.

Inventory:

Hand Weapons
 a - a +0 dagger
 b - a +0 vampiric whip (weapon)
 r - a +0 hunting sling
Missiles
 d - 17 sling bullets
 e - 6 javelins (quivered)
 k - 40 stones
 v - 26 poisoned darts
Armour
 m - a cursed +0 pair of gloves (worn)
Jewellery
 x - a ring of stealth (left hand)
Scrolls
 i - a scroll of teleportation {unknown}
 j - a scroll of noise {unknown}
 l - a scroll of identify {unknown}
 o - a scroll of amnesia {unknown}
 p - a scroll of fog {unknown}
 q - 3 scrolls of remove curse {unknown}
 s - a scroll of random uselessness {unknown}
 t - a scroll of enchant weapon {unknown}
Potions
 c - a potion of agility {unknown}
 f - 2 potions of resistance
 h - 2 potions of lignification {unknown}
 u - 3 potions of mutation {unknown}
 w - 2 potions of berserk rage {unknown}
 z - a potion of haste {unknown}
Comestibles
 g - 2 chunks of flesh
 n - 6 rations


   Skills:
 - Level 0.8 Fighting
 - Level 2.0 Dodging
 - Level 1.7 Stealth
 + Level 2.7 Spellcasting
 * Level 3.3 Conjurations
 * Level 4.4 Fire Magic


You had 3 spell levels left.
You knew the following spells:

 Your Spells              Type           Power        Failure   Level  Hunger
a - Flame Tongue          Conj/Fire      ##...        4%          1    #......
b - Throw Flame           Conj/Fire      ##....       6%          2    ##.....
c - Conjure Flame         Conj/Fire      ##......     12%         3    ###....

Your spell library contained the following spells:

 Spells                   Type           Power        Failure   Level  Hunger
 Inner Flame              Hex/Fire       #.......     24%         3    ###....
 Sticky Flame             Conj/Fire      ##......     36%         4    #####..
 Fireball                 Conj/Fire      ##........   73%         5    ######.


Dungeon Overview and Level Annotations

Branches:
Dungeon (4/15)
 Temple: D:4-7

Altars:


Innate Abilities, Weirdness & Mutations

Your plain brown scales are hard. (AC +5)
You cannot fit into any form of body armour.
You are cold-blooded and may be slowed by cold attacks.


Message History

Unknown command.
Unknown command.
You closely miss the centaur. The centaur hits you.
* * * LOW HITPOINT WARNING * * *
The quokka barely misses you. The orc barely misses you.
The centaur closely misses you. The quokka closely misses you.
Unknown command.
Unknown command.
You barely miss the centaur. The centaur hits you.
* * * LOW HITPOINT WARNING * * *
The orc hits you with a +0 mace.
* * * LOW HITPOINT WARNING * * *
The quokka closely misses you. The centaur barely misses you.
Unknown command.
Unknown command.
It was a potion of resistance.
You feel protected.
The quokka bites you but does no damage.
The centaur barely misses you. The orc hits you with a +0 mace.
You die...

####.######>..#.# #...)....#.#.
#..#.........# #..>.......#.
##...8....#######........##.
##.......####........######.
######....<...###..##.....# #.
..........................## #.
.....)..8...8####....###...# ##
..<....##.....###r.####..#.#### #
............#..#@o## #.#.....###
.....####.[.##..c######........##
.#...## #.).##.#.###............#
...#..# #......#.....##.........#
..###.###...##...##..##.[...).).#
...##.......##.#####............#
.#.#.....#####.# #.#..........#
(....###..# #.# ###.###.......##
...######.####.# #...##.........#


You could see a centaur, an orc and a quokka.

Vanquished Creatures
  2 orc wizards (D:3)
  4 adders
  A worm (D:3)
  A dart slug (D:2)
  5 leopard geckos
  10 orcs (D:3)
  4 giant cockroaches
  10 goblins
  10 hobgoblins
  10 kobolds
  A quokka (D:2)
  A ball python (D:2)
  5 bats
  6 frilled lizards
  3 rats
73 creatures vanquished.

Notes
Turn   | Place    | Note
-------+----------+-------------------------------------------
     0 | D:1      | 1994 the Draconian Fire Elementalist began the quest for
                  | the Orb.
     0 | D:1      | Reached XP level 1. HP: 14/14 MP: 3/3
   358 | D:1      | Reached XP level 2. HP: 22/22 MP: 3/5
   362 | D:1      | Learned a level 2 spell: Throw Flame
  1519 | D:2      | Reached XP level 3. HP: 27/27 MP: 1/6
  1614 | D:2      | Learned a level 3 spell: Conjure Flame
  1990 | D:2      | Reached XP level 4. HP: 31/34 MP: 0/7
  2529 | D:3      | Reached skill level 4 in Fire Magic
  2700 | D:3      | Reached XP level 5. HP: 36/39 MP: 3/8
  3386 | D:4      | Noticed a centaur
  3393 | D:3      | Slain by an orc

Levels and vault maps discovered:
D:1:      dpeg_arrival_more_subterranean_lakeside_camping, layout_basic
D:2:      layout_loops_ring
D:3:      layout_rooms, first_ration, grunt_ministairs_1
D:4:      layout_rooms, minmay_temple_entry_tees, gup_sewer_entry_pipe,
          uniq_ijyb

Skill      XL: |  1  2  3  4 |
---------------+-------------+-----
Dodging        | 2 |  2.0
Conjurations   | 2 3 |  3.3
Fire Magic     | 4 |  4.4
Fighting       | |  0.8
Stealth        | |  1.7
Spellcasting   | |  2.7

Action                   |  1- 3 |  4- 6 || total
-------------------------+-------+-------++-------
Melee: Dagger            |     8 |       ||     8
       Whip              |    32 |    71 ||   103
       Tailslap          |     2 |     9 ||    11
 Cast: Flame Tongue      |    41 |    44 ||    85
       Throw Flame       |    11 |    15 ||    26
  Use: Potion            |       |     1 ||     1
 Stab: Sleeping          |     3 |       ||     3
  Eat: Chunk             |     5 |     6 ||    11
Armor: Skin              |    14 |    27 ||    41
Dodge: Dodged            |    28 |    42 ||    70
